 Dungeon Crawl Stone Soup version 0.26-a0-639-g72c4674329 (webtiles) character file.

Game seed: 12500767189941714441

3127 Lanoc the Quickloader (level 9, -2/79 HPs)
             Began as a Yellow Draconian Hunter on Sept 25, 2020.
             Was an Elder of Okawaru.
             Slain by an orc warrior
             ... wielding a +0 glaive
              (13 damage)
             ... on level 8 of the Dungeon.
             The game lasted 00:10:41 (7799 turns).

Lanoc the Quickloader (Yellow Draconian Hunter)     Turns: 7799, Time: 00:10:42

Health: -2/79      AC:  7    Str: 15    XL:     9   Next: 61%
Magic:  13/13      EV: 15    Int: 12    God:    Okawaru [****..]
Gold:   383        SH:  0    Dex: 14    Spells: 8/8 levels left

rFire    + . .     SeeInvis .   a - +1 hand crossbow
rCold    . . .     Faith    +   (no shield)
rNeg     . . .     Spirit   .   (armour unavailable)
rPois    .         Reflect  .   (helmet restricted)
rElec    .         Harm     .   (no cloak)
rCorr    +         Rampage  .   (no gloves)
MR       .....                  (no boots)
Stlth    ++........             q - amulet of faith
HPRegen  0.23/turn              B - ring of protection from fire
MPRegen  0.13/turn              (no ring)

@: no status effects
A: spit acid, unfitting armour, cold-blooded, acid resistance, AC +7
a: Breathe Acid, Heroism, Renounce Religion


You were on level 8 of the Dungeon.
You worshipped Okawaru.
Okawaru was greatly pleased with you.
You visited 2 branches of the dungeon, and saw 9 of its levels.

You collected 383 gold pieces.

Inventory:

Hand Weapons
 a - a +1 hand crossbow (weapon)
 b - a +4 quarterstaff of chaos
Missiles
 c - 20 bolts (quivered)
Jewellery
 q - an amulet of faith (around neck)
 u - an uncursed amulet of the acrobat {unknown}
 B - a ring of protection from fire (left hand)
Wands
 k - a wand of enslavement (12)
 o - a wand of paralysis (11)
 s - a wand of acid (5)
 w - a wand of random effects (28)
 y - a wand of polymorph (2)
 G - a wand of flame (25)
Scrolls
 d - 4 scrolls of teleportation {unknown}
 e - 9 scrolls of remove curse
 f - a scroll of fog {unknown}
 g - 7 scrolls of identify {unknown}
 h - 2 scrolls of magic mapping {unknown}
 j - 2 scrolls of enchant weapon {unknown}
 r - 2 scrolls of enchant armour {unknown}
 t - 2 scrolls of immolation {unknown}
 v - a scroll of random uselessness {unknown}
 x - a scroll of acquirement {unknown}
 A - a scroll of blinking {unknown}
 E - a scroll of noise {unknown}
Potions
 i - 2 potions of lignification {unknown}
 l - a potion of resistance {unknown}
 m - 2 potions of curing {unknown}
 n - 4 potions of heal wounds {unknown}
 p - 2 potions of haste
 z - 2 potions of flight {unknown}
 C - a potion of stabbing {unknown}
 D - a potion of ambrosia
 F - a potion of degeneration {unknown}


   Skills:
 + Level 7.0 Fighting
 * Level 8.8 Crossbows
 + Level 5.8 Dodging
 - Level 0.8 Stealth
 + Level 6.2 Invocations


You had 8 spell levels left.
You didn't know any spells.
Your spell library was empty.

Dungeon Overview and Level Annotations

Branches:
Dungeon (8/15)             Temple (1/1) D:5
   Lair: D:8-11

Altars:
Ashenzari
Hepliaklqana
Kikubaaqudgha
Nemelex Xobeh
Okawaru
Trog
Uskayaw
Wu Jian
Xom
Yredelemnul

Shops:
D:7 (

Annotations:
D:4 3 runed translucent doors, Inarius's ghost, amateur FeCK


Innate Abilities, Weirdness & Mutations

You can spit globs of acid.
Your golden yellow scales are hard. (AC +7)
You cannot fit into any form of body armour.
You are cold-blooded and may be slowed by cold attacks.
You are resistant to acid. (rCorr)


Message History

The orc warrior hits you from afar with a +0 glaive!!
The orc wizard barely misses you.
The orc wizard hits you but does no damage.
The orc wizard misses you. x2
Firing (i - inventory)
c - 22 bolts (quivered)
Press: ? - help, Shift-Dir - straight line, f/p - orc wizard
Aim: an orc wizard, wielding a +0 dagger and wearing a +0 robe (severely wounded, fast)
You shoot a bolt. The bolt hits the orc wizard!
You kill the orc wizard!
Okawaru accepts your kill.
The orc warrior hits you from afar with a +0 glaive!
* * * LOW HITPOINT WARNING * * *
Firing (i - inventory)
c - 21 bolts (quivered)
Press: ? - help, Shift-Dir - straight line, f - orc warrior
Aim: an orc warrior, wielding a +0 glaive and wearing a +0 chain mail (heavily wounded)
You shoot a bolt.
The bolt hits the orc warrior but does no damage.
The orc warrior is heavily wounded.
The orc warrior hits you from afar with a +0 glaive!
You die...

#########.# #.# #.#
#.# ### #.# #.. #.#
#.# #.# #.#
..####.#####.####.##
.......(..@(oo()(((.#
#.###.^...###.####(.#
##...## #.# ##.## #.#
#.# #.. #.# ### #+#


You could see an orc warrior and an orc.

Vanquished Creatures
  Pikel (D:6)
  A hippogriff (D:6)
  Grinder (D:4)
  Eustachio (D:6)
  Menkaure (D:6)
  Edmund (D:4)
  2 ice beasts
  A black bear (D:6)
  A phantom (D:5)
  4 ogres
  A centaur (D:7)
  A lemure (D:6)
  A bullfrog (D:6)
  3 scorpions
  A howler monkey (D:5)
  A bullfrog zombie (D:5)
  2 hounds (D:7)
  A centaur zombie (D:6)
  A jelly (D:7)
  Crazy Yiuf (D:4)
  3 bullfrog skeletons
  An iguana (D:7)
  6 worker ants
  8 orc wizards
  A killer bee zombie (D:7)
  A hound zombie (D:7)
  A howler monkey zombie (D:5)
  Robin (D:4)
  A gnoll (D:5)
  5 adders
  2 white imps
  An ooze (D:3)
  2 adder zombies
  4 worms
  4 dart slugs
  4 leopard geckos
  20 orcs
  7 giant cockroaches
  9 goblins
  5 hobgoblins
  2 jackals (D:3)
  A quokka (D:3)
  5 bats
  3 frilled lizards
  A jackal skeleton (D:4)
  A jackal zombie (D:7)
  A kobold (D:2)
  8 rats
135 creatures vanquished.

Vanquished Creatures (others)
  A fungus (D:4)
1 creature vanquished.

Grand Total: 136 creatures vanquished

Notes
Turn   | Place    | Note
-------+----------+-------------------------------------------
     0 | D:1      | Lanoc the Draconian Hunter began the quest for the Orb.
     0 | D:1      | Reached XP level 1. HP: 17/17 MP: 1/1
   303 | D:1      | Reached XP level 2. HP: 24/25 MP: 2/2
   402 | D:2      | Reached skill level 4 in Crossbows
   770 | D:2      | Found a shattered altar of Ashenzari.
   770 | D:2      | Found an iron altar of Okawaru.
   774 | D:2      | Became a worshipper of Warmaster Okawaru
   797 | D:3      | Reached XP level 3. HP: 24/30 MP: 3/3
   818 | D:3      | Found a hazy altar of Hepliaklqana.
  1405 | D:3      | Reached skill level 1 in Invocations
  1405 | D:3      | Reached XP level 4. HP: 31/38 MP: 4/4
  1906 | D:4      | Noticed an ogre
  1913 | D:4      | Killed an ogre
  1913 | D:4      | Reached XP level 5. HP: 45/45 MP: 4/6
  2053 | D:4      | Noticed an ogre
  2057 | D:4      | Killed an ogre
  2057 | D:4      | Reached * piety under Okawaru
  2057 | D:4      | Reached skill level 5 in Crossbows
  2057 | D:4      | Reached XP level 6. HP: 52/52 MP: 7/7
  2407 | D:4      | Noticed Edmund
  2426 | D:4      | Killed Edmund
  2732 | D:4      | Found a runed translucent gate.
  2732 | D:4      | Found a runed translucent gate.
  2732 | D:4      | Found a runed translucent gate.
  2732 | D:4      | Noticed Inarius's ghost (amateur FeCK)
  2936 | D:4      | Found a runed translucent door.
  2936 | D:4      | Noticed Robin
  2937 | D:4      | Noticed Crazy Yiuf
  2954 | D:4      | Killed Robin
  2954 | D:4      | Your scales start taking on a golden yellow colour.
  2954 | D:4      | Reached XP level 7. HP: 42/59 MP: 9/9
  2954 | D:4      | Gained mutation: You are resistant to acid. (rCorr) [Yellow
                  | Draconian growth]
  2958 | D:4      | Killed Crazy Yiuf
  3150 | D:4      | Noticed Grinder
  3157 | D:4      | Paralysed by Grinder for 5 turns
  3167 | D:4      | Paralysed by Grinder for 3 turns
  3171 | D:4      | Paralysed by Grinder for 3 turns
  3180 | D:4      | Killed Grinder
  3180 | D:4      | Reached skill level 6 in Crossbows
  3488 | D:5      | Entered Level 5 of the Dungeon
  3532 | D:5      | Found an ornate altar of the Wu Jian Council.
  3532 | D:5      | Found a sparkling altar of Nemelex Xobeh.
  3587 | D:5      | Found an ancient bone altar of Kikubaaqudgha.
  3595 | D:5      | Reached ** piety under Okawaru
  3784 | D:5      | Noticed a +0 hand axe
  3784 | D:5      | Noticed a +0 hand axe
  3871 | D:5      | Reached skill level 5 in Fighting
  3871 | D:5      | Reached XP level 8. HP: 27/68 MP: 9/11
  4129 | D:5      | Found a shimmering altar of Xom.
  4165 | D:5      | Found a hide-covered altar of Uskayaw.
  4338 | D:5      | Noticed a moth of wrath
  4341 | D:5      | Found a bloodstained altar of Trog.
  4645 | D:5      | Found a basalt altar of Yredelemnul.
  4730 | D:5      | Found a staircase to the Ecumenical Temple.
  4739 | Temple   | Entered the Ecumenical Temple
  5249 | D:6      | Noticed Menkaure
  5258 | D:6      | Killed Menkaure
  5258 | D:6      | Reached skill level 7 in Crossbows
  5710 | D:6      | Noticed Pikel
  5710 | D:6      | Noticed Eustachio
  5745 | D:6      | Killed Pikel
  5745 | D:6      | Reached *** piety under Okawaru
  5745 | D:6      | Reached skill level 5 in Dodging
  5745 | D:6      | Reached skill level 5 in Invocations
  5745 | D:6      | Reached XP level 9. HP: 71/75 MP: 12/12
  5799 | D:6      | Killed Eustachio
  6107 | D:6      | Reached **** piety under Okawaru
  6127 | D:6      | Reached skill level 8 in Crossbows
  6815 | D:7      | Received a gift from Okawaru
  7187 | D:7      | Found Atrajauf's Antique Weapon Boutique.
  7788 | D:8      | Received a gift from Okawaru
  7799 | D:8      | Slain by an orc warrior

Illustrated notes

Levels and vault maps discovered:
D:1:      dpeg_arrival_chambers_temple_mockup, layout_basic, serial_bayou_pond_e
D:2:      layout_basic, zin_academy, gammafunk_temple_overflow_elements
D:3:      layout_loops_ring, overflow_temple_1_default,
          kennysheep_generic_room_6
D:4:      layout_rooms, gammafunk_ghost_split, chequers_garden,
          kennysheep_another_room, uniq_crazy_yiuf_cottage, uniq_grinder,
          uniq_edmund, uniq_robin
D:5:      layout_cave_pools, tgw_xom, dancing_weapons_uskayaw, kennysheep_mini,
          chequers_temple_overflow_statue_of_worship, lemuel_temple_firewalk_b,
          tgw_trog
D:6:      layout_basic, uniq_pikel, uniq_eustachio, uniq_menkaure
D:7:      layout_loops_cross, serial_shops, shop, minmay_between
D:8:      layout_loops_corners
Temple:   cyrus_temple_forest

Skill      XL: |  1  2  3  4  5  6  7  8  9 |
---------------+----------------------------+-----
Dodging        | 2 3 4 5 |  5.8
Crossbows      | 4 5 6 7 8 |  8.8
Fighting       | 3 4 5 6 7 |  7.0
Invocations    | 1 2 3 4 5 6 |  6.2
Stealth        | |  0.8

Action                   |  1- 3 |  4- 6 |  7- 9 || total
-------------------------+-------+-------+-------++-------
Melee: Short sword       |    96 |    13 |       ||   109
       Tailslap          |    13 |     6 |    29 ||    48
       Hand crossbow     |     1 |       |       ||     1
       Flail             |       |    45 |       ||    45
       Quarterstaff      |       |       |   242 ||   242
       Unarmed           |       |       |    23 ||    23
 Fire: Hand crossbow     |    26 |    53 |    63 ||   142
Invok: Heroism           |       |     1 |       ||     1
 Abil: Breathe Acid      |       |       |     3 ||     3
  Use: Potion            |     1 |       |       ||     1
       Scroll            |       |       |     1 ||     1
 Stab: Sleeping          |       |     1 |     3 ||     4
       Paralysed         |       |       |     7 ||     7
Armor: Skin              |    50 |    23 |    73 ||   146
Dodge: Dodged            |    96 |    65 |   214 ||   375

Table legend: (Time is in decaauts)
 A = Elapsed time spent in this place.
 B = Non-inter-level travel time spent in this place.
 C = Inter-level travel time spent in this place.
 D = Time resting spent in this place.
 E = Time spent auto-exploring this place.
 F = Levels seen in this place.
 G = Mean time per level.
                   A        B        C        D        E       F      G
               +--------+--------+--------+--------+--------+-----+--------+
         Total |   7921 |   7817 |    104 |    343 |   6165 |   9 |  880.1 |
       Dungeon |   7919 |   7815 |    104 |    343 |   6165 |   8 |  989.9 |
        Temple |      1 |      1 |      0 |      0 |      0 |   1 |    1.0 |
               +--------+--------+--------+--------+--------+-----+--------+

Top non-repeatable levels by time:
     D:5: 1659 daAuts
     D:4: 1610 daAuts
     D:6: 1355 daAuts
     D:3: 1137 daAuts
     D:7: 1026 daAuts
     D:2: 397 daAuts
     D:1: 389 daAuts
     D:8: 342 daAuts
  Temple: 1 daAuts
